AoeStats
← tlusty_melman

Arena

509373774Analyzed
2v2 RM · 4d ago on Sep 26, 2026· 46m 38s· 4 players
Game mode
Random Map
Map size
Medium (4 player)
Population
200
Speed
Normal
Resources
Standard
Victory
Conquest
Starting age
Dark Age
Ending age
Imperial Age
RankedLock teamsTeams togetherTeam positionsShared explorationLock speedFull tech treeHidden civsTurbo modeCheats
Victory
Defeat
🇸🇰 Lithuanians · Slovakia
832
+16
🇸🇰 Romans · Slovakia
827
+16
🇺🇸 Bohemians · United States
848
-17
🇩🇪 Italians · Germany
801
-15
tlusty_melman
8:47 Loom
11:12 Feudal Age
11:59 Horse Collar
12:12 Gold Mining
12:10 Double-Bit Axe
12:20 Stone Mining
19:28 Castle Age
20:36 Heavy Plow
20:49 Bow Saw
33:35 Imperial Age
33:36 Wheelbarrow
32:46 Town Watch
32:25 Elite Skirmisher
35:01 Fletching
35:17 Scale Barding Armor
36:28 Hand Cart
36:13 Town Patrol
35:57 Pikeman
37:45 Stone Shaft Mining
40:37 Crop Rotation
41:10 Two-Man Saw
41:40 Halberdier
42:20 Squires
44:28 Padded Archer Armor
44:28 Scale Mail Armor
44:38 Forging
44:24 Bodkin Arrow
44:50 Chain Barding Armor
47:01 Leather Archer Armor
47:02 Chain Mail Armor
47:22 Iron Casting
Fearless
1:31 Loom
12:14 Feudal Age
12:47 Double-Bit Axe
13:01 Horse Collar
20:02 Castle Age
19:22 Gold Mining
19:36 Town Watch
20:56 Squires
23:24 Pikeman
25:02 Forging
26:51 Bow Saw
28:00 Scale Mail Armor
27:51 Fletching
30:06 Husbandry
31:45 Bodkin Arrow
32:28 Iron Casting
32:37 Heavy Plow
33:03 Bloodlines
34:14 Wheelbarrow
38:01 Hand Cart
37:48 Stone Mining
38:56 Gold Shaft Mining
38:34 Scale Barding Armor
39:04 Caravan
40:28 Bodkin Arrow
40:49 Chain Mail Armor
40:35 Padded Archer Armor
41:06 Chain Barding Armor
41:04 Town Patrol
42:17 Murder Holes
43:05 Ballistics
43:15 Leather Archer Armor
46:30 Imperial Age
44:16 Masonry
Icewulf 11
0:30 Loom
13:04 Feudal Age
13:46 Double-Bit Axe
15:22 Horse Collar
21:09 Castle Age
19:35 Forging
19:35 Stone Mining
20:41 Padded Archer Armor
21:22 Scale Mail Armor
21:34 Fletching
21:49 Crossbowman
23:30 Bow Saw
24:27 Heavy Plow
26:20 Iron Casting
26:28 Leather Archer Armor
26:56 Bodkin Arrow
28:03 Chain Mail Armor
30:01 Murder Holes
40:10 Imperial Age
42:48 Chemistry
42:51 Two-Man Saw
43:49 Blast Furnace
akjamesm49
12:04 Feudal Age
18:50 Castle Age
20:13 Horse Collar
25:27 Heavy Plow
Connection lost

Rejoining the realm…

Still unreachable

The connection could not be restored.

Session expired

The server has moved on; the page needs a fresh start.